Map: Para Site LE

Players

Serral - Winner!

  • Race: Zerg Zerg
  • Spawn Location: 11:00

Stats

  • Race: Protoss Protoss
  • Spawn Location: 5:00

VOD

https://youtu.be/h0UBfmOJYO4?t=4303

Description

Time

  • Played on: Nov. 3, 2018, 8:33 p.m.
  • Length: 26:56
Show
View Real Time Build Order
Export as new Build Order

Serral Zerg - Winner!

Build Orders: Hatch First, Brood Lord Corruptor 

Get SALT Encoding   

  12  0:00  Drone  
  13  0:13  Overlord  
  13  0:16  Drone  
  14  0:31  Drone x2  
  16  0:48  Hatchery  
  15  0:52  Drone  
  15  0:55  Drone  
  17  0:59  Drone  
  18  1:10  Extractor  
  17  1:14  Spawning Pool  
  17  1:17  Drone  
  17  1:20  Drone  
  18  1:28  Drone  
  19  1:39  Drone  
  20  1:50  Overlord  
  20  2:01  Zergling x4, Queen x2  
  26  2:10  Metabolic Boost  
  26  2:12  Drone x2  
  28  2:22  Drone x2  
  30  2:32  Drone  
  30  2:33  Drone  
  32  2:41  Hatchery  
  31  2:45  Overlord  
  31  2:51  Queen  
  31  2:54  Drone  
  31  2:57  Drone x2  
  36  3:05  Zergling x2  
  36  3:09  Drone x4  
  36  3:12  Overlord  
  40  3:15  Drone  
  40  3:18  Drone x2  
  42  3:22  Overlord  
  42  3:29  Queen  
  42  3:31  Overlord  
  44  3:35  Overlord  
  44  3:40  Pneumatized Carapace  
  44  3:42  Spore Crawler  
  44  3:43  Drone  
  44  3:44  Drone  
  44  3:47  Drone  
  46  3:48  Drone  
  46  3:54  Spore Crawler  
  46  3:55  Queen  
  48  3:58  Spore Crawler  
  48  4:01  Drone  
  48  4:02  Drone  
  49  4:04  Drone  
  49  4:05  Drone  
  51  4:12  Drone x4  
  51  4:16  Extractor x2  
  53  4:17  Drone x2  
  54  4:24  Roach Warren  
  54  4:27  Drone x2  
  54  4:28  Drone  
  54  4:29  Drone  
  55  4:36  Overlord  
  55  4:39  Lair  
  55  4:42  Zergling x2  
  55  4:47  Zergling x10  
  55  4:52  Zergling x4  
  62  4:56  Drone x3  
  65  5:03  Overlord  
  69  5:13  Drone x7  
  72  5:16  Spore Crawler  
  72  5:19  Spore Crawler  
  70  5:21  Spore Crawler  
  70  5:24  Queen  
  70  5:25  Queen  
  73  5:28  Drone  
  73  5:30  Drone x2  
  73  5:34  Evolution Chamber  
  73  5:35  Drone x2  
  77  5:37  Drone  
  78  5:43  Spore Crawler  
  78  5:45  Overlord  
  78  5:46  Drone x3  
  78  5:47  Drone  
  81  5:50  Drone  
  81  5:51  Overlord  
  81  5:54  Overlord  
  81  5:58  Extractor  
  81  6:03  Drone x6  
  86  6:07  Queen  
  86  6:08  Drone  
  86  6:10  Drone  
  86  6:11  Drone  
  88  6:12  Drone  
  88  6:17  Baneling Nest  
  88  6:19  Drone  
  88  6:20  Hydralisk Den, Drone  
  88  6:23  Drone  
  89  6:26  Drone  
  89  6:27  Zerg Melee Weapons Level 1  
  89  6:29  Drone  
  89  6:30  Drone x2  
  89  6:32  Extractor  
  88  6:33  Drone x4  
  88  6:36  Extractor  
  88  6:37  Overlord, Drone  
  92  6:44  Overlord  
  92  6:45  Drone x3  
  95  6:49  Infestation Pit  
  95  6:50  Muscular Augments, Drone x2  
  95  6:59  Hatchery  
  91  7:02  Centrifical Hooks  
  91  7:04  Drone x3  
  91  7:07  Drone x4  
  96  7:11  Drone  
  96  7:12  Drone x3  
  100  7:16  Hydralisk, Overlord  
  100  7:21  Hydralisk x2  
  104  7:27  Hydralisk x3  
  109  7:36  Hive  
  108  7:38  Spire  
  108  7:39  Drone  
  108  7:40  Drone x2  
  108  7:45  Zergling x12  
  114  7:57  Hydralisk x6  
  124  8:05  Overlord x4  
  124  8:13  Hydralisk x3  
  130  8:20  Grooved Spines  
  130  8:25  Drone x3  
  130  8:29  Drone  
  130  8:31  Zergling x16  
  130  8:32  Zergling x6  
  141  8:35  Zerg Melee Weapons Level 2  
  141  8:37  Extractor  
  140  8:43  Hydralisk x2, Overlord  
  140  8:44  Zergling x8  
  148  8:50  Greater Spire  
  148  8:53  Adrenal Glands  
  148  8:56  Drone x3  
  148  8:57  Drone  
  148  9:01  Zergling x2  
  149  9:04  Baneling x20  
  149  9:07  Zergling x6  
  152  9:13  Baneling x6  
  152  9:16  Zergling x10  
  156  9:24  Extractor  
  151  9:32  Corruptor x5  
  151  9:34  Zergling x8  
  164  9:44  Baneling x4  
  162  9:50  Zergling x8  
  162  9:52  Baneling x11  
  166  10:01  Overlord  
  166  10:02  Overlord x3  
  166  10:03  Brood Lord x3  
  172  10:11  Brood Lord  
  171  10:16  Brood Lord  
  171  10:19  Drone  
  171  10:20  Overlord  
  174  10:26  Corruptor x2  
  174  10:28  Zergling x12  
  173  10:38  Corruptor x2  
  173  10:41  Zerg Flyer Weapons Level 1  
  177  10:44  Hatchery, Corruptor  
  177  10:49  Zergling x16  
  189  10:50  Zergling x6  
  189  11:01  Brood Lord x2  
  181  11:12  Brood Lord x2  
  181  11:14  Zergling x26  
  191  11:20  Brood Lord  
  191  11:25  Drone x3  
  186  11:27  Zergling x6  
  186  11:28  Zergling x10  
  187  11:42  Zerg Melee Weapons Level 3  
  187  11:46  Corruptor x2  
  190  11:50  Corruptor x3  
  196  11:58  Extractor  
  196  12:00  Extractor  
  189  12:05  Drone x4  
  189  12:08  Corruptor x3  
  186  12:10  Overseer  
  186  12:11  Overseer  
  190  12:19  Drone x2  
  190  12:20  Drone, Spore Crawler  
  190  12:22  Spine Crawler  
  191  12:32  Spine Crawler  
  191  12:33  Brood Lord  
  191  12:34  Brood Lord, Spine Crawler  
  191  12:35  Baneling x7  
  193  12:42  Drone  
  193  12:43  Drone x3  
  197  12:46  Spore Crawler  
  197  12:47  Spore Crawler x3, Corruptor  
  197  12:48  Spore Crawler  
  194  12:52  Corruptor x2  
  185  13:13  Corruptor x4  
  185  13:19  Brood Lord x2  
  196  13:31  Spore Crawler x2  
  196  13:32  Spore Crawler  
  193  13:41  Overseer, Zerg Flyer Armor Level 1  
  193  13:42  Viper x2  
  199  14:00  Hatchery  
  199  14:02  Corruptor  
  199  14:28  Zerg Missile Weapons Level 1  
  193  14:39  Brood Lord x2  
  193  14:40  Brood Lord  
  199  14:48  Baneling x6  
  199  14:54  Overseer x2  
  199  15:04  Spore Crawler  
  199  15:05  Spore Crawler  
  195  15:19  Overseer x2  
  195  15:22  Drone x4  
  195  15:26  Spore Crawler x3  
  195  15:27  Spore Crawler x2  
  194  15:29  Spore Crawler  
  194  15:34  Zerg Flyer Weapons Level 2  
  193  15:54  Corruptor x3  
  191  16:18  Zergling x6  
  191  16:19  Zergling x12  
  191  16:20  Hatchery  
  199  16:32  Hatchery  
  198  16:44  Zergling x8  
  192  16:57  Corruptor x4  
  194  17:24  Zergling x18  
  200  17:45  Baneling x3  
  200  17:56  Burrow  
  184  18:09  Zergling x34  
  184  18:11  Zerg Missile Weapons Level 2  
  199  18:18  Drone  
  200  18:35  Hatchery  
  200  18:37  Drone  
  171  18:58  Corruptor x11  
  191  19:05  Corruptor x2  
  194  19:10  Drone x5  
  199  19:17  Zerg Flyer Weapons Level 3  
  197  19:40  Baneling  
  197  19:41  Baneling x13  
  194  19:50  Hatchery, Hydralisk x3  
  199  20:00  Hatchery  
  198  20:15  Spore Crawler  
  198  20:16  Spore Crawler  
  198  20:17  Spore Crawler  
  192  20:25  Zergling x20  
  188  20:36  Zergling x22  
  188  20:42  Zergling x12  
  197  20:48  Zerg Missile Weapons Level 3  
  191  20:51  Viper  
  191  20:52  Viper  
  196  21:04  Viper  
  199  21:23  Baneling x2  
  196  21:46  Corruptor  
  199  21:47  Viper  
  199  21:52  Extractor x2  
  199  21:54  Zerg Flyer Armor Level 2  
  198  22:00  Drone x2  
  200  22:15  Baneling x10  
  194  22:26  Viper  
  194  22:27  Corruptor x2  
  193  22:33  Corruptor x6, Viper  
  199  22:44  Zergling x4  
  199  23:17  Zergling x8  
  190  23:41  Corruptor x4  
  198  23:49  Zergling x2  
  198  23:51  Zerg Ground Armor Level 1  
  198  23:57  Zergling x6  
  199  24:18  Drone  
  199  24:20  Drone x2, Extractor x2  
  199  24:47  Drone  
  199  25:00  Hatchery  
  194  25:09  Viper x2  
  194  25:15  Spore Crawler  
  194  25:16  Corruptor x2, Drone x2, Spore Crawler  
  194  25:30  Zergling x12  
  181  25:59  Corruptor x4  
  181  26:00  Viper x2  
  191  26:04  Zergling x16  
  199  26:16  Zergling x12  
Show
View Real Time Build Order
Export as new Build Order

Stats Protoss 

Build Orders: 1 Gate Expand, Oracle Opening, Phoenix Opening, Archon Immortal, Carriers, Mass Phoenix 

Get SALT Encoding   

  12  0:01  Probe  
  13  0:13  Probe  
  14  0:19  Pylon  
  14  0:24  Probe  
  15  0:33  Probe  
  15  0:38  Gateway  
  15  0:41  Probe  
  16  0:46  Assimilator  
  17  0:52  Probe  
  18  1:04  Probe  
  19  1:16  Probe  
  20  1:22  Nexus  
  20  1:32  Cybernetics Core  
  20  1:35  Probe  
  21  1:41  Assimilator  
  21  1:47  Probe  
  21  1:52  Pylon  
  22  1:59  Probe  
  22  2:01  Adept  
  23  2:11  Probe  
  23  2:15  Stargate  
  26  2:24  Probe  
  26  2:25  Warp Gate  
  26  2:29  Adept  
  29  2:31  Probe  
  29  2:32  Probe  
  31  2:39  Probe  
  31  2:40  Probe  
  32  2:49  Probe  
  34  2:51  Probe  
  34  2:53  Phoenix  
  35  3:03  Probe x2  
  39  3:10  Pylon  
  39  3:13  Assimilator  
  39  3:14  Oracle  
  39  3:18  Probe x2  
  44  3:22  Assimilator  
  44  3:30  Probe x2  
  44  3:31  Gateway  
  46  3:38  Gateway  
  46  3:42  Probe x2  
  48  3:50  Stargate, Pylon  
  48  3:54  Probe  
  50  4:02  Probe  
  50  4:04  Phoenix  
  50  4:06  Probe  
  53  4:12  Pylon  
  53  4:15  Probe  
  54  4:18  Probe  
  55  4:26  Phoenix x2  
  59  4:39  Adept x3  
  59  4:40  Probe x2  
  59  4:42  Pylon  
  67  4:50  Phoenix  
  69  4:54  Phoenix  
  69  4:58  Pylon  
  71  5:15  Phoenix x2  
  71  5:19  Nexus  
  75  5:23  Adept  
  75  5:25  Sentry x2  
  75  5:27  Probe x2  
  83  5:32  Robotics Facility  
  83  5:42  Probe x2  
  85  5:43  Robotics Facility  
  85  5:49  Pylon  
  85  5:54  Probe  
  86  6:04  Pylon  
  86  6:06  Pylon, Forge  
  86  6:07  Probe  
  86  6:08  Pylon  
  87  6:17  Immortal  
  87  6:18  Probe  
  87  6:19  Probe  
  87  6:25  Immortal  
  93  6:31  Protoss Ground Weapons Level 1  
  95  6:34  Twilight Council, Probe x3  
  95  6:38  Assimilator  
  98  6:42  Assimilator  
  98  6:46  Probe x3  
  101  6:56  Immortal  
  101  6:58  Probe x3  
  101  7:01  Immortal  
  112  7:10  Probe x3  
  112  7:11  Charge  
  112  7:12  Templar Archives  
  115  7:16  Gateway  
  115  7:26  Gateway x2  
  115  7:27  Gateway  
  115  7:35  Gateway  
  113  7:41  Immortal x2, Probe  
  122  7:45  Photon Cannon  
  122  7:48  Photon Cannon  
  122  7:52  Psionic Storm  
  120  7:59  High Templar x2  
  120  8:03  Gateway  
  120  8:04  Gateway  
  124  8:06  Pylon x2  
  124  8:15  High Templar  
  124  8:16  High Templar  
  124  8:19  Warp Prism  
  128  8:20  Observer, Protoss Ground Weapons Level 2  
  128  8:23  Pylon  
  128  8:25  Pylon  
  128  8:26  Pylon  
  131  8:32  Photon Cannon  
  131  8:34  High Templar  
  131  8:38  Photon Cannon, High Templar  
  135  8:43  Zealot x4  
  143  8:50  Zealot  
  143  8:52  Zealot  
  147  9:05  Pylon  
  147  9:06  Nexus  
  147  9:09  High Templar x2, Zealot  
  153  9:10  Zealot  
  153  9:15  Archon, High Templar, Zealot x2  
  153  9:16  High Templar  
  161  9:20  Archon  
  160  9:25  Zealot x2  
  160  9:40  High Templar  
  160  9:41  High Templar  
  160  9:43  Zealot  
  160  9:44  Zealot  
  160  9:45  Zealot x2  
  167  9:53  Archon, High Templar x2  
  167  9:54  Zealot x2  
  167  9:57  Archon  
  175  10:04  Probe x3  
  178  10:12  Zealot  
  178  10:14  Assimilator  
  180  10:15  Pylon  
  180  10:16  Pylon  
  180  10:18  Pylon  
  180  10:19  Assimilator  
  180  10:20  Pylon  
  180  10:21  Pylon  
  177  10:31  Zealot x5  
  187  10:37  Fleet Beacon  
  175  10:44  High Templar  
  175  10:45  High Templar x3, Zealot  
  175  10:49  Archon  
  185  10:50  Archon  
  185  10:54  Protoss Ground Weapons Level 3  
  186  10:57  Probe x3  
  186  10:58  Probe  
  189  11:07  Zealot x4  
  189  11:10  Zealot  
  191  11:14  Tempest x2  
  171  11:33  Zealot x3  
  171  11:34  Zealot  
  179  11:48  Zealot x4  
  179  11:49  Zealot  
  179  11:53  Tempest  
  189  12:01  Zealot x2  
  195  12:13  Tempest  
  185  12:16  Nexus  
  191  12:29  High Templar x3  
  197  12:30  High Templar  
  197  12:34  Archon x2  
  197  12:36  Photon Cannon  
  199  12:39  Pylon  
  197  12:49  Pylon  
  197  12:50  High Templar x5  
  197  12:51  High Templar  
  197  12:57  Archon x2  
  197  12:58  Archon  
  197  13:04  Protoss Air Weapons Level 1  
  187  13:16  Warp Prism, Protoss Shields Level 1  
  187  13:18  Zealot  
  191  13:21  High Templar x3  
  191  13:22  High Templar  
  191  13:25  Archon  
  191  13:26  Archon  
  199  13:32  Assimilator  
  191  13:34  High Templar  
  191  13:35  High Templar, Zealot x2  
  191  13:38  Assimilator  
  191  13:39  Archon  
  191  13:40  Photon Cannon  
  199  14:00  Photon Cannon  
  199  14:01  Photon Cannon  
  195  14:03  Photon Cannon  
  186  14:29  Carrier  
  186  14:37  Carrier  
  186  14:38  Mothership  
  182  14:45  Photon Cannon  
  182  14:46  Photon Cannon  
  182  14:51  Stargate  
  198  15:00  Stargate  
  198  15:01  Cybernetics Core  
  198  15:03  High Templar  
  198  15:06  Photon Cannon  
  200  15:07  Photon Cannon  
  200  15:13  Probe  
  200  15:14  Probe x3  
  195  15:16  Assimilator  
  195  15:26  Protoss Air Weapons Level 2  
  195  15:29  Graviton Catapult  
  195  15:39  Protoss Air Armor Level 1  
  193  15:52  Carrier  
  199  15:59  Nexus  
  199  16:00  Pylon  
  198  16:14  Pylon  
  198  16:16  Pylon  
  193  16:19  Carrier  
  193  16:20  Carrier  
  193  16:21  Zealot x4  
  193  16:23  Archon  
  189  16:27  Zealot x4  
  200  16:42  Mothership  
  191  17:14  Pylon  
  199  17:17  Assimilator  
  199  17:23  Carrier x2  
  199  17:26  Carrier  
  199  17:36  Carrier  
  188  18:07  High Templar x5  
  188  18:08  High Templar  
  192  18:52  Archon  
  127  19:07  High Templar  
  127  19:08  High Templar x3, Zealot x4  
  127  19:09  Zealot  
  141  19:10  Zealot  
  143  19:17  Observer  
  143  19:23  Assimilator x2  
  144  19:30  Zealot x4  
  151  19:32  Probe x4  
  151  19:36  Nexus  
  154  19:38  Pylon  
  154  19:39  Assimilator  
  154  19:40  Assimilator  
  152  19:47  Probe x3  
  152  19:48  Probe  
  156  20:03  Carrier  
  156  20:09  Carrier  
  162  20:16  Photon Cannon  
  146  20:37  Probe x3  
  150  20:49  Nexus  
  141  20:53  Zealot  
  143  21:03  Probe x3  
  145  21:21  Probe x3  
  145  21:25  Observer  
  147  21:26  Carrier x2  
  148  21:33  Observer  
  148  21:37  Zealot x3  
  148  21:38  Zealot  
  162  21:57  Probe x3  
  162  21:58  Probe  
  165  22:05  Probe x2  
  166  22:15  Sentry  
  170  22:36  Probe x2  
  170  22:37  Probe x2  
  160  22:43  Carrier  
  166  22:49  Carrier  
  172  22:53  Probe  
  172  22:55  Probe  
  172  22:58  Probe  
  175  23:00  Probe  
  176  23:18  Carrier  
  176  23:19  Carrier  
  157  23:58  Nexus  
  139  24:34  High Templar  
  139  24:36  High Templar  
  143  24:51  Zealot x6  
  147  25:15  Zealot x2  
  147  25:16  Zealot x2  
  149  25:30  Zealot  
  149  25:31  Zealot  
  151  25:39  Assimilator  
  135  26:07  Zealot x6  
  135  26:08  High Templar x2  
  141  26:13  Zealot  
Tags
 
Add a new tag
Caveats
  • Supply blocks, unpowered buildings, or Contaminate may cause inaccurate times.
  • Supply counts are checked every 10 seconds.